 Dungeon Crawl Stone Soup version 0.23-a0-49-gd9f7a49668 (webtiles) character file.

9 Flugkiller the Stinger (level 2, 0/18 HPs)
             Began as an Octopode Wanderer on Aug 7, 2018.
             Slain by a frilled lizard (1 damage)
             ... on level 1 of the Dungeon.
             The game lasted 00:00:53 (193 turns).

Flugkiller the Stinger (Octopode Wanderer)           Turns: 193, Time: 00:00:53

Health: 0/18       AC:  1    Str:  9    XL:     2   Next: 12%
Magic:  3/3        EV: 13    Int: 18    God:
Gold:   15         SH:  0    Dex:  9    Spells: 2/2 levels left

rFire    . . .     SeeInvis .   d - +0 club
rCold    . . .     Gourm    .   (no shield)
rNeg     . . .     Faith    .   (helmet restricted)
rPois    .         Spirit   .   (no amulet)
rElec    .         Reflect  .   (no ring)
rCorr    .         Harm     .   (no ring)
MR       .....                  (no ring)
Stlth    ++........             (no ring)
HPRegen  0.06/turn              (no ring)
MPRegen  0.08/turn              (no ring)
                                (no ring)
                                (no ring)

@: no status effects
A: almost no armour, stealthy swim, amphibious, 8 rings, constrict 8, camouflage
1, gelatinous body 1
a: no special abilities


You were on level 1 of the Dungeon.
You were not hungry.

You visited 1 branch of the dungeon, and saw 1 of its levels.

You collected 15 gold pieces.

Inventory:

Hand Weapons
 d - a +0 club (weapon)
Scrolls
 b - 3 scrolls of magic mapping {unknown}
 e - a scroll of enchant weapon {unknown}
Potions
 c - a potion of lignification
Comestibles
 a - 3 chunks of flesh
 f - a ration


   Skills:
 + Level 1.4 Fighting
   Level 1.0 Long Blades
 + Level 1.4 Dodging
 - Level 1.3 Stealth
   Level 1.0 Shields
 + Level 0.6 Spellcasting
   Level 2.0 Charms
   Level 3.6 Poison Magic


You had 2 spell levels left.
You didn't know any spells.
Your spell library contained the following spells:

 Spells                   Type           Power        Failure   Level  Hunger
 Mephitic Cloud           Conj/Pois/Air  #.......     36%         3    ####...
 Venom Bolt               Conj/Pois      #.........   95%         5    ######.
 Olgreb's Toxic Radiance  Pois           ##......     43%         4    #####..
 Sting                    Conj/Pois      #...         10%         1    ##.....
 Passwall                 Tmut/Erth      #.......     30%         2    ###....
 Sticks to Snakes         Tmut           #.......     30%         2    ###....
 Poisonous Vapours        Pois/Air       #.....       16%         2    ###....


Dungeon Overview and Level Annotations

Branches:
Dungeon (1/15)

Altars:


Innate Abilities, Weirdness & Mutations

You cannot wear most types of armour.
You are very stealthy in the water. (Stealth+)
You are amphibious.
You can wear up to eight rings at the same time.
You can use your tentacles to constrict eight enemies at once.
Your skin changes colour to match your surroundings (Stealth+).
Your rubbery body absorbs attacks. (AC +1, EV +1)


Message History

You hit the kobold.
You kill the kobold!
You feel sick.
The kobold throws a stone.
The stone misses you.
You closely miss the frilled lizard. Your grab misses the frilled lizard.
You feel sick. The frilled lizard barely misses you.
You hit the frilled lizard but do no damage.
Your grab misses the frilled lizard. The frilled lizard bites you.
You feel sick.
You feel sick.
You feel sick.
You feel sick.
You feel sick. The frilled lizard bites you.
* * * LOW HITPOINT WARNING * * *
* * * LOW HITPOINT WARNING * * *
You feel sick.
You are no longer poisoned.
You hit the frilled lizard but do no damage.
Your grab misses the frilled lizard. The frilled lizard bites you.
You die...

.....#)#### #.###......# #..#
.........####..........###..#
.........##..)# #.#...#..#
###...........#### #.....#..#
# ######.........#
#.....#..## #
#)...#####.K.###.....#...##
...#..####
##...รท......#....# ....[#
#l###......'.<..+ .....#
#.@###.....#....# ......#
##.# #.#..##...## ......> #.#
#....##..## ....#.. ...
#.#...#..# ...###.
#...#.....#..# #.........#..#
######.#..#..#


You could see a kobold and a frilled lizard.

Vanquished Creatures
  A leopard gecko (D:1)
  A bat (D:1)
  A hobgoblin (D:1)
  A frilled lizard (D:1)
  3 kobolds (D:1)
  A rat (D:1)
8 creatures vanquished.

Notes
Turn   | Place    | Note
-------+----------+-------------------------------------------
     0 | D:1      | Flugkiller the Octopode Wanderer began the quest for the Orb.
     0 | D:1      | Flugkiller set off with: a potion of lignification, a +0 club, a ration
     0 | D:1      | Reached XP level 1. HP: 13/13 MP: 1/1
   163 | D:1      | Reached XP level 2. HP: 14/18 MP: 2/2
   193 | D:1      | Slain by a frilled lizard

Vault maps used:
D:1:      giann_horns, serial_bayou_ford_a

Action                   || total
-------------------------++-------
Melee: Club              ||    23
       Constrict         ||     6
       Tentacles         ||     1
Dodge: Dodged            ||    24

Table legend:
 A = Spawn XP
 B = Non-spawn XP
 C = Spawn XP percentage of total XP
 D = Spawn monster count
 E = Non-spawn monster count
 F = Spawn count percentage of total count
 G = Total turns spent on level
                    A         B        C        D         E        F      G
               +---------+---------+-------+---------+---------+-------+---------
         Total |       0 |      13 |   0.0 |       0 |       8 |   0.0 |   193
               +---------+---------+-------+---------+---------+-------+---------
           D:1 |       0 |      13 |   0.0 |       0 |       8 |   0.0 |   193
               +---------+---------+-------+---------+---------+-------+---------
